 Dungeon Crawl Stone Soup version 0.27-a0-1193-g8631133539 (webtiles) character file.

Game seed: 6497275506648205279

72 pokeman the Magician (level 4, 0/25 HPs)
             Began as a Deep Elf Hedge Wizard on May 26, 2021.
             Succumbed to an adder's poison
             ... on level 2 of the Dungeon.
             The game lasted 00:02:43 (2721 turns).

pokeman the Magician (Deep Elf Hedge Wizard)        Turns: 2721, Time: 00:02:43

Health: 0/25       AC:  3    Str:  7    XL:     4   Next: 7%
Magic:  7/13       EV: 12    Int: 20    God:
Gold:   128        SH:  0    Dex: 14    Spells: 2/13 levels left

rFire    + . .     SeeInvis .   a - +0 dagger
rCold    + + .     Faith    .   (no shield)
rNeg     . . .     Spirit   .   h - +0 leather armour
rPois    +         Reflect  .   c - +0 hat
rElec    +         Harm     .   (no cloak)
rCorr    +         Rampage  .   (no gloves)
Will     .....                  (no boots)
Stlth    ++........             (no amulet)
HPRegen  0.08/turn              g - ring of protection from cold
MPRegen  0.13/turn              (no ring)

@: brilliant, lethally poisoned (0 -> -1), resistant
A: no striking features
a: no special abilities


You were on level 2 of the Dungeon.
You visited 1 branch of the dungeon, and saw 2 of its levels.

You collected 128 gold pieces.

Inventory:

Hand Weapons
 a - a +0 dagger (weapon)
Missiles
 j - 19 arrows
Armour
 c - a +0 hat (worn)
 h - a +0 leather armour (worn)
Jewellery
 d - an amulet of guardian spirit
 g - a ring of protection from cold (left hand)
Scrolls
 b - a scroll of identify {unknown}
 f - a scroll of enchant armour {unknown}
 k - a scroll of noise {unknown}
Potions
 i - a potion of brilliance


   Skills:
 - Level 1.0 Fighting
 - Level 1.0 Armour
 + Level 2.7 Dodging
 - Level 2.4 Stealth
 * Level 5.4 Spellcasting
 + Level 2.1 Conjurations
 - Level 1.1 Summonings
 - Level 1.1 Translocations
 + Level 0.4 Fire Magic


You had 2 spell levels left.
You knew the following spells:

 Your Spells              Type           Power      Damage    Failure   Level
a - Magic Dart            Conj           84%        1d7       7%          1
b - Mephitic Cloud        Conj/Pois/Air  12%        N/A       36%         3
c - Call Imp              Summ           14%        N/A       16%         2
d - Blink                 Tloc           N/A        N/A       16%         2
e - Conjure Flame         Conj/Fire      15%        6-21      28%         3

Your spell library contained the following spells:

 Spells                   Type           Power      Damage    Failure   Level
 Slow                     Hex            8%         N/A       24%         2


Dungeon Overview and Level Annotations

Branches:
Dungeon (2/15)

Altars:

Shops:
D:1 *

Annotations:
D:1 1 runed translucent door


Message History

Confirm with . or Enter, or press ? or * to list all spells.
Aiming: Magic Dart (safe; 8% risk of failure)
Press: ? - help, Shift-Dir - straight line, f/p - adder
Aim: an adder (severely wounded, 100% to hit)
The magic dart hits the adder.
You kill the adder!
You feel very sick.
A hobgoblin comes into view.
You have reached level 4!
You feel clever.
Casting: Magic Dart (safe; 7% risk of failure)
Confirm with . or Enter, or press ? or * to list all spells.
Aiming: Magic Dart (safe; 7% risk of failure)
Press: ? - help, Shift-Dir - straight line, f - ball python
Aim: a ball python (100% to hit)
The magic dart hits the ball python.
You kill the ball python!
You feel very sick.
Unknown command.
It was a potion of resistance.
You feel protected.
You feel sick.
Okay, then.
Unknown command.
It was a potion of brilliance.
You feel clever all of a sudden.
* * * LOW HITPOINT WARNING * * *
You feel sick.
* * * LOW HITPOINT WARNING * * *
You feel sick.
Your magical contamination has completely faded away.
* * * LOW HITPOINT WARNING * * *
You feel sick.
* * * LOW HITPOINT WARNING * * *
You feel sick.
* * * LOW HITPOINT WARNING * * *
You feel sick.
* * * LOW HITPOINT WARNING * * *
You feel sick.
You die...

## #### #. ..# #. #.#
########
#.#####.###......#
#####.@....>.##.####.#
..........##..##.####.#
.#####..#..........##.#
#...####..##.#.##.#
#..........##.#.##.#
##...#####†##.#.##.#
##... ..##....).# #...
...####.#### #.. #g#.#
#.#


There were no monsters in sight!

Vanquished Creatures
  3 adders (D:2)
  A dart slug (D:1)
  10 ball pythons
  2 giant cockroaches (D:1)
  4 goblins
  4 hobgoblins
  4 jackals (D:1)
  4 bats
  5 frilled lizards
  2 kobolds
  4 rats
43 creatures vanquished.

Notes
Turn   | Place    | Note
-------+----------+-------------------------------------------
     0 | D:1      | pokeman the Deep Elf Hedge Wizard began the quest for the
                  | Orb.
     0 | D:1      | Reached XP level 1. HP: 10/10 MP: 7/7
     1 | D:1      | Found a runed translucent door.
   352 | D:1      | Reached XP level 2. HP: 15/15 MP: 5/9
   438 | D:1      | Found Woeral's Assorted Antiques.
  1051 | D:1      | Reached skill level 5 in Spellcasting
  1366 | D:1      | Reached XP level 3. HP: 20/20 MP: 9/11
  1370 | D:1      | Learned a level 3 spell: Mephitic Cloud
  1373 | D:1      | Learned a level 2 spell: Call Imp
  1376 | D:1      | Learned a level 2 spell: Blink
  1380 | D:1      | Learned a level 3 spell: Conjure Flame
  2016 | D:2      | Found a faded altar of an unknown god.
  2148 | D:2      | Reached skill level 1 in Armour
  2562 | D:2      | Reached skill level 1 in Fighting
  2713 | D:2      | Reached XP level 4. HP: 13/25 MP: 7/13
  2720 | D:2      | HP: 1/25 [poisoned by an adder]
  2721 | D:2      | Succumbed to an adder's poison

Illustrated notes

Levels and vault maps discovered:
D:1:      dpeg_arrival_caged_fury, layout_basic, serial_shops,
          nicolae_shop_statue_plus, minmay_tetromino_l4
D:2:      minmay_razor_zed, layout_loops_corners, serial_glass, glass_columns_c,
          glass_columns_a, glass_columns_b, hellmonk_ecumenical_altar_zigzags,
          minmay_misc_feat_pillars

Skill      XL: |  1  2  3 |
---------------+----------+-----
Spellcasting   | 5 |  5.4
Armour         | 1 |  1.0
Conjurations   | 2 |  2.1
Fighting       | 1 |  1.0
Dodging        | |  2.7
Stealth        | |  2.4
Summonings     | |  1.1
Translocations | |  1.1
Fire Magic     | |  0.4

Action                   |  1- 3 |  4- 6 || total
-------------------------+-------+-------++-------
Melee: Dagger            |    11 |       ||    11
 Cast: Magic Dart        |   102 |     1 ||   103
  Use: Potion            |       |     2 ||     2
Armor: Robe              |     5 |       ||     5
Dodge: Dodged            |    32 |       ||    32

Table legend: (Time is in decaauts)
 A = Elapsed time spent in this place.
 B = Non-inter-level travel time spent in this place.
 C = Inter-level travel time spent in this place.
 D = Time resting spent in this place.
 E = Time spent auto-exploring this place.
 F = Levels seen in this place.
 G = Mean time per level.
                   A        B        C        D        E       F      G
               +--------+--------+--------+--------+--------+-----+--------+
         Total |   2720 |   2716 |      4 |      0 |   2484 |   2 | 1360.0 |
       Dungeon |   2720 |   2716 |      4 |      0 |   2484 |   2 | 1360.0 |
               +--------+--------+--------+--------+--------+-----+--------+

Top non-repeatable levels by time:
     D:1: 1789 daAuts
     D:2: 930 daAuts
